[ AOE2 MATCH · #466646474 ]
UnrankedMaya vs Chinese
[ REPLAY ANALYSIS · EXTRACTED FROM THE RECORDED GAME ]
Feudal
—
Castle
—
Imperial
—
| APM avg | 21.6 |
| APM peak | 75 |
| eAPM avg | 16.3 |
| Villagers / military | 81 / 1519 |
Focus
⚔️ 60.8% · 🌾 39.2%
Eagle Scout ×1266 · Trade Cart ×126 · Mangonel ×125 · Battering Ram ×98 · Trebuchet (Packed) ×21 · Scorpion ×7
Feudal
—
Castle
—
Imperial
—
| APM avg | 36.0 |
| APM peak | 137 |
| eAPM avg | 24.9 |
| Villagers / military | 284 / 1120 |
Focus
⚔️ 39.8% · 🌾 60.2%
Chu Ko Nu ×670 · Knight ×218 · Trade Cart ×155 · Iron Pagoda ×95 · Trebuchet (Packed) ×85 · Spearman ×25
Feudal
—
Castle
—
Imperial
—
| APM avg | 20.2 |
| APM peak | 78 |
| eAPM avg | 18.5 |
| Villagers / military | 87 / 770 |
Focus
⚔️ 64.1% · 🌾 35.9%
Mameluke ×270 · Knight ×159 · Cavalry Archer ×111 · Skirmisher ×74 · Mangonel ×63 · Bombard Cannon ×45
Feudal
—
Castle
—
Imperial
—
| APM avg | 19.0 |
| APM peak | 90 |
| eAPM avg | 10.2 |
| Villagers / military | 60 / 1343 |
Focus
⚔️ 65.8% · 🌾 34.2%
Steppe Lancer ×751 · Mangudai ×531 · Trade Cart ×60 · Cavalry Archer ×50 · Trebuchet (Packed) ×10 · Monk ×1
Match map
Initial resources + every placement click. Lines = walls · curves = elevation contours. ◆ gold · ⬟ stone · ● berries · ✦ relic · ◌ wall gap
Your base· Open — opponent sealed themselves in
Rhenderr6498's base· ✓ Closed at 12:00 · 137t walls · no gate
Poliya2985's base· Open — opponent sealed themselves in
LuShiiiN's base· ✓ Closed at 12:00 · 7t walls · no gate
Smoothed initial terrain · ◌ = detected wall gap · hover for details
Inputs per minute
— MAVERICK70075 - - Rhenderr6498
Build order — MAVERICK70075
First 150 of 1045 actions detected
| 0:00 | Create | Villager (Male) |
| 0:01 | Create | Villager (Male) |
| 0:01 | Create | Villager (Male) |
| 0:03 | Build | House |
| 0:14 | Create | Villager (Male) |
| 0:14 | Create | Villager (Male) |
| 0:15 | Create | Villager (Male) |
| 0:15 | Create | Villager (Male) |
| 0:26 | Create | Villager (Male) |
| 0:28 | Create | Villager (Male) |
| 0:52 | Build | Town Center |
| 0:53 | Create | Villager (Male) |
| 0:54 | Create | Villager (Male) |
| 0:54 | Create | Villager (Male) |
| 1:11 | Build | Stone Wall |
| 2:08 | Build | Stone Wall |
| 2:16 | Create | Villager (Male) |
| 2:17 | Create | Villager (Male) |
| 2:17 | Create | Villager (Male) |
| 2:27 | Create | Villager (Male) |
| 2:27 | Create | Villager (Male) |
| 2:44 | Create | Villager (Male) |
| 2:44 | Create | Villager (Male) |
| 2:45 | Create | Villager (Male) |
| 2:53 | Build | Market |
| 2:54 | Build | Market |
| 2:55 | Build | Market |
| 2:56 | Build | Market |
| 2:58 | Build | Market |
| 2:59 | Build | Market |
| 3:02 | Create | Villager (Male) |
| 3:02 | Create | Villager (Male) |
| 3:03 | Create | Villager (Male) |
| 3:11 | Build | Town Center |
| 3:28 | Build | Town Center |
| 3:35 | Create | Villager (Male) |
| 3:39 | Build | House |
| 3:40 | Build | House |
| 3:41 | Build | House |
| 3:49 | Create | Trade Cart |
| 3:49 | Create | Trade Cart |
| 3:50 | Create | Trade Cart |
| 3:50 | Create | Trade Cart |
| 3:51 | Create | Trade Cart |
| 3:53 | Create | Trade Cart |
| 3:53 | Create | Trade Cart |
| 4:14 | Create | Trade Cart |
| 4:15 | Create | Trade Cart |
| 4:15 | Create | Trade Cart |
| 4:16 | Create | Trade Cart |
| 4:16 | Create | Trade Cart |
| 4:17 | Create | Trade Cart |
| 4:17 | Create | Trade Cart |
| 4:17 | Create | Trade Cart |
| 4:23 | Build | Market |
| 4:25 | Build | Market |
| 4:26 | Build | Market |
| 4:32 | Create | Villager (Male) |
| 4:32 | Create | Villager (Male) |
| 4:35 | Build | House |
| 4:36 | Build | House |
| 4:37 | Build | House |
| 4:39 | Build | House |
| 4:41 | Build | House |
| 4:42 | Build | House |
| 4:43 | Build | House |
| 4:45 | Build | House |
| 4:46 | Build | House |
| 4:47 | Build | House |
| 5:00 | Build | Market |
| 5:01 | Build | Market |
| 5:02 | Build | Market |
| 5:06 | Create | Trade Cart |
| 5:07 | Create | Trade Cart |
| 5:07 | Create | Trade Cart |
| 5:08 | Create | Trade Cart |
| 5:08 | Create | Trade Cart |
| 5:10 | Create | Trade Cart |
| 5:11 | Create | Trade Cart |
| 5:14 | Create | Trade Cart |
| 5:14 | Create | Trade Cart |
| 5:25 | Create | Trade Cart |
| 5:26 | Create | Trade Cart |
| 5:31 | Create | Villager (Male) |
| 5:31 | Create | Villager (Male) |
| 5:32 | Create | Villager (Male) |
| 5:32 | Create | Villager (Male) |
| 5:33 | Create | Villager (Male) |
| 5:33 | Create | Villager (Male) |
| 5:37 | Create | Villager (Male) |
| 5:37 | Create | Villager (Male) |
| 5:37 | Create | Villager (Male) |
| 5:38 | Create | Villager (Male) |
| 5:38 | Create | Villager (Male) |
| 5:45 | Create | Villager (Male) |
| 5:45 | Create | Villager (Male) |
| 5:46 | Create | Villager (Male) |
| 5:46 | Create | Villager (Male) |
| 5:48 | Create | Villager (Male) |
| 5:49 | Create | Villager (Male) |
| 5:52 | Create | Trade Cart |
| 5:53 | Create | Trade Cart |
| 5:53 | Create | Trade Cart |
| 5:54 | Create | Trade Cart |
| 5:54 | Create | Trade Cart |
| 5:55 | Create | Trade Cart |
| 5:56 | Create | Trade Cart |
| 5:56 | Create | Trade Cart |
| 5:57 | Create | Trade Cart |
| 5:57 | Create | Trade Cart |
| 5:58 | Create | Trade Cart |
| 5:59 | Create | Trade Cart |
| 6:00 | Create | Trade Cart |
| 6:05 | Create | Trade Cart |
| 6:07 | Create | Trade Cart |
| 6:24 | Build | Castle |
| 6:29 | Create | Villager (Male) |
| 6:29 | Create | Villager (Male) |
| 6:29 | Create | Villager (Male) |
| 6:30 | Create | Villager (Male) |
| 6:30 | Create | Villager (Male) |
| 6:50 | Create | Villager (Male) |
| 6:50 | Create | Villager (Male) |
| 6:55 | Create | Trade Cart |
| 6:56 | Create | Trade Cart |
| 6:56 | Create | Trade Cart |
| 6:57 | Create | Trade Cart |
| 6:57 | Create | Trade Cart |
| 6:58 | Create | Trade Cart |
| 6:58 | Create | Trade Cart |
| 6:59 | Create | Trade Cart |
| 6:59 | Create | Trade Cart |
| 7:00 | Create | Trade Cart |
| 7:00 | Create | Trade Cart |
| 7:01 | Create | Trade Cart |
| 7:02 | Create | Trade Cart |
| 7:02 | Create | Trade Cart |
| 7:03 | Create | Trade Cart |
| 7:04 | Create | Trade Cart |
| 7:04 | Create | Trade Cart |
| 7:09 | Create | Trade Cart |
| 7:09 | Create | Trade Cart |
| 7:13 | Create | Trade Cart |
| 7:13 | Create | Trade Cart |
| 7:14 | Create | Trade Cart |
| 7:14 | Create | Trade Cart |
| 7:15 | Create | Trade Cart |
| 7:36 | Build | House |
| 7:37 | Build | House |
| 7:38 | Build | House |
Build order — Rhenderr6498
First 150 of 724 actions detected
| 0:21 | Build | Castle |
| 0:24 | Create | Villager (Male) ×5 |
| 0:24 | Create | Villager (Male) ×5 |
| 0:24 | Create | Villager (Male) ×5 |
| 0:29 | Build | House |
| 0:54 | Build | Stone Wall |
| 1:16 | Build | Stone Wall |
| 1:27 | Build | House |
| 1:28 | Build | House |
| 1:30 | Create | Villager (Male) ×2 |
| 1:30 | Create | Villager (Male) ×2 |
| 1:39 | Create | Villager (Male) |
| 1:40 | Create | Villager (Male) |
| 1:46 | Build | Town Center |
| 2:06 | Build | Stone Wall |
| 2:14 | Create | Villager (Male) |
| 2:14 | Create | Villager (Male) |
| 2:54 | Build | Stone Wall |
| 3:23 | Create | Villager (Male) ×3 |
| 3:23 | Create | Villager (Male) ×3 |
| 3:31 | Build | House |
| 3:32 | Build | House |
| 3:34 | Build | House |
| 4:02 | Build | Stone Wall |
| 4:13 | Build | Stone Wall |
| 4:34 | Build | Market |
| 4:35 | Build | Market |
| 4:36 | Build | Market |
| 4:37 | Build | Market |
| 4:39 | Build | Market |
| 4:40 | Build | Market |
| 4:41 | Build | Market |
| 4:54 | Build | Town Center |
| 4:57 | Create | Villager (Male) ×3 |
| 4:58 | Create | Villager (Male) ×3 |
| 4:58 | Create | Villager (Male) ×3 |
| 5:01 | Create | Villager (Male) ×5 |
| 5:01 | Create | Villager (Male) ×5 |
| 5:02 | Create | Villager (Male) ×5 |
| 5:03 | Create | Villager (Male) ×5 |
| 5:05 | Create | Villager (Male) |
| 5:05 | Create | Villager (Male) |
| 5:05 | Create | Villager (Male) |
| 5:12 | Build | House |
| 5:12 | Build | House |
| 5:13 | Build | House |
| 5:13 | Build | House |
| 5:13 | Build | House |
| 5:14 | Build | House |
| 5:14 | Build | House |
| 5:14 | Build | House |
| 5:34 | Build | Stone Wall |
| 5:48 | Create | Villager (Male) |
| 5:48 | Create | Villager (Male) |
| 5:54 | Create | Villager (Male) ×2 |
| 5:54 | Create | Villager (Male) ×2 |
| 5:55 | Create | Villager (Male) ×2 |
| 6:11 | Build | Monastery |
| 6:13 | Create | Villager (Male) |
| 6:13 | Create | Villager (Male) |
| 6:25 | Create | Trade Cart ×5 |
| 6:26 | Create | Trade Cart ×5 |
| 6:26 | Create | Trade Cart ×5 |
| 6:39 | Build | Stone Wall |
| 6:50 | Build | Stone Wall |
| 6:53 | Create | Villager (Male) ×5 |
| 6:53 | Create | Villager (Male) ×5 |
| 6:53 | Create | Villager (Male) ×5 |
| 6:53 | Create | Villager (Male) ×5 |
| 7:02 | Create | Villager (Male) ×2 |
| 7:02 | Create | Villager (Male) ×2 |
| 7:03 | Create | Villager (Male) ×2 |
| 7:08 | Create | Villager (Male) ×3 |
| 7:08 | Create | Villager (Male) ×3 |
| 7:11 | Build | Farm |
| 7:20 | Create | Trade Cart ×5 |
| 7:20 | Create | Trade Cart ×5 |
| 7:21 | Create | Trade Cart ×5 |
| 7:21 | Create | Trade Cart ×5 |
| 7:21 | Create | Trade Cart ×5 |
| 7:33 | Create | Villager (Male) |
| 7:33 | Create | Villager (Male) |
| 7:49 | Build | Stone Wall |
| 7:55 | Create | Trade Cart |
| 7:55 | Create | Trade Cart ×5 |
| 7:55 | Create | Trade Cart ×5 |
| 7:56 | Create | Trade Cart ×5 |
| 7:56 | Create | Trade Cart ×5 |
| 7:56 | Create | Trade Cart ×4 |
| 8:07 | Create | Villager (Male) |
| 8:07 | Create | Villager (Male) |
| 8:07 | Create | Villager (Male) |
| 8:15 | Build | Town Center |
| 8:19 | Create | Villager (Male) ×3 |
| 8:20 | Create | Villager (Male) ×3 |
| 8:31 | Create | Villager (Male) |
| 8:31 | Create | Villager (Male) |
| 8:38 | Build | Town Center |
| 8:49 | Build | Stone Wall |
| 9:01 | Build | Stone Wall |
| 9:10 | Create | Villager (Male) ×2 |
| 9:11 | Create | Villager (Male) ×2 |
| 9:22 | Create | Chu Ko Nu ×5 |
| 9:22 | Create | Chu Ko Nu ×5 |
| 9:22 | Create | Chu Ko Nu ×5 |
| 9:23 | Create | Chu Ko Nu ×5 |
| 9:23 | Create | Chu Ko Nu ×5 |
| 9:29 | Build | Castle |
| 9:45 | Create | Villager (Male) ×3 |
| 9:45 | Create | Villager (Male) ×3 |
| 9:46 | Create | Villager (Male) ×3 |
| 9:50 | Create | Monk |
| 9:50 | Create | Monk |
| 9:55 | Build | House |
| 9:56 | Build | House |
| 9:56 | Build | House |
| 9:57 | Build | House |
| 9:57 | Build | House |
| 9:58 | Build | House |
| 9:58 | Build | House |
| 9:58 | Build | House |
| 9:58 | Build | House |
| 9:59 | Build | House |
| 9:59 | Build | House |
| 9:59 | Build | House |
| 10:00 | Build | House |
| 10:00 | Build | House |
| 10:02 | Build | House |
| 10:02 | Build | House |
| 10:02 | Build | House |
| 10:03 | Build | House |
| 10:03 | Build | House |
| 10:03 | Build | House |
| 10:03 | Build | House |
| 10:04 | Build | House |
| 10:04 | Build | House |
| 10:04 | Build | House |
| 10:05 | Build | House |
| 10:05 | Build | House |
| 10:06 | Build | House |
| 10:11 | Create | Villager (Male) ×2 |
| 10:12 | Create | Villager (Male) ×2 |
| 10:19 | Create | Villager (Male) ×5 |
| 10:19 | Create | Villager (Male) ×5 |
| 10:20 | Create | Villager (Male) ×5 |
| 10:20 | Create | Villager (Male) ×5 |
| 10:20 | Create | Villager (Male) ×5 |
| 10:23 | Create | Trade Cart ×5 |
| 10:23 | Create | Trade Cart ×5 |
| 10:23 | Create | Trade Cart ×5 |
Build order — Poliya2985
First 150 of 1021 actions detected
| 0:12 | Build | House |
| 0:14 | Create | Villager (Male) |
| 0:15 | Create | Villager (Male) |
| 0:15 | Create | Villager (Male) |
| 0:15 | Create | Villager (Male) |
| 0:15 | Create | Villager (Male) |
| 0:16 | Create | Villager (Male) |
| 0:16 | Create | Villager (Male) |
| 0:16 | Create | Villager (Male) |
| 0:17 | Create | Villager (Male) |
| 0:17 | Create | Villager (Male) |
| 0:17 | Create | Villager (Male) |
| 0:17 | Create | Villager (Male) |
| 0:18 | Create | Villager (Male) |
| 0:18 | Create | Villager (Male) |
| 0:18 | Create | Villager (Male) |
| 0:18 | Create | Villager (Male) |
| 0:45 | Build | Castle |
| 1:25 | Build | Stone Wall |
| 2:04 | Build | Stone Wall |
| 2:53 | Build | Mining Camp |
| 3:09 | Build | Town Center |
| 3:19 | Build | House |
| 3:23 | Build | House |
| 3:24 | Build | House |
| 3:26 | Build | House |
| 3:27 | Build | House |
| 3:28 | Build | House |
| 3:29 | Build | House |
| 3:32 | Build | House |
| 3:52 | Build | Stone Wall |
| 4:55 | Build | Market |
| 4:57 | Build | Market |
| 5:00 | Build | Market |
| 5:14 | Build | Siege Workshop |
| 5:16 | Build | Siege Workshop |
| 5:19 | Build | Siege Workshop |
| 5:25 | Create | Mameluke |
| 5:25 | Create | Mameluke |
| 5:25 | Create | Mameluke |
| 5:26 | Create | Mameluke |
| 5:26 | Create | Mameluke |
| 5:26 | Create | Mameluke |
| 5:27 | Create | Mameluke |
| 5:27 | Create | Mameluke |
| 5:27 | Create | Mameluke |
| 5:27 | Create | Mameluke |
| 5:28 | Create | Mameluke |
| 5:28 | Create | Mameluke |
| 5:28 | Create | Mameluke |
| 5:28 | Create | Mameluke |
| 5:29 | Create | Mameluke |
| 5:29 | Create | Mameluke |
| 5:41 | Build | House |
| 5:43 | Build | House |
| 5:45 | Build | House |
| 5:46 | Build | House |
| 5:48 | Build | House |
| 5:49 | Build | House |
| 5:51 | Build | House |
| 5:53 | Build | House |
| 5:54 | Build | House |
| 6:05 | Build | Mining Camp |
| 6:15 | Build | Mining Camp |
| 6:28 | Build | Town Center |
| 7:04 | Build | Stable |
| 7:07 | Build | Stable |
| 7:09 | Build | Stable |
| 7:18 | Build | Mining Camp |
| 7:33 | Build | Town Center |
| 7:39 | Create | Trade Cart |
| 7:39 | Create | Trade Cart |
| 7:39 | Create | Trade Cart |
| 7:40 | Create | Trade Cart |
| 7:40 | Create | Trade Cart |
| 7:40 | Create | Trade Cart |
| 7:40 | Create | Trade Cart |
| 7:41 | Create | Trade Cart |
| 7:41 | Create | Trade Cart |
| 7:41 | Create | Trade Cart |
| 7:42 | Create | Trade Cart |
| 7:42 | Create | Trade Cart |
| 7:42 | Create | Trade Cart |
| 7:43 | Create | Trade Cart |
| 7:43 | Create | Trade Cart |
| 7:43 | Create | Trade Cart |
| 7:57 | Create | Trade Cart |
| 7:57 | Create | Trade Cart |
| 7:58 | Create | Trade Cart |
| 7:58 | Create | Trade Cart |
| 7:58 | Create | Trade Cart |
| 7:59 | Create | Trade Cart |
| 7:59 | Create | Trade Cart |
| 7:59 | Create | Trade Cart |
| 7:59 | Create | Trade Cart |
| 8:00 | Create | Trade Cart |
| 8:00 | Create | Trade Cart |
| 8:00 | Create | Trade Cart |
| 8:01 | Create | Trade Cart |
| 8:01 | Create | Trade Cart |
| 8:01 | Create | Trade Cart |
| 8:02 | Create | Trade Cart |
| 8:16 | Build | House |
| 8:18 | Build | House |
| 8:19 | Build | House |
| 8:21 | Build | House |
| 8:22 | Build | House |
| 8:24 | Build | House |
| 8:25 | Build | House |
| 8:26 | Build | House |
| 8:36 | Create | Knight |
| 8:36 | Create | Knight |
| 8:36 | Create | Knight |
| 8:37 | Create | Knight |
| 8:37 | Create | Knight |
| 8:37 | Create | Knight |
| 8:38 | Create | Knight |
| 8:38 | Create | Knight |
| 8:38 | Create | Knight |
| 8:38 | Create | Knight |
| 8:39 | Create | Knight |
| 8:39 | Create | Knight |
| 8:39 | Create | Knight |
| 8:40 | Create | Knight |
| 8:40 | Create | Knight |
| 8:40 | Create | Knight |
| 8:40 | Create | Knight |
| 9:01 | Create | Villager (Male) |
| 9:01 | Create | Villager (Male) |
| 9:01 | Create | Villager (Male) |
| 9:02 | Create | Villager (Male) |
| 9:02 | Create | Villager (Male) |
| 9:02 | Create | Villager (Male) |
| 9:02 | Create | Villager (Male) |
| 9:03 | Create | Villager (Male) |
| 9:03 | Create | Villager (Male) |
| 9:03 | Create | Villager (Male) |
| 9:03 | Create | Villager (Male) |
| 9:04 | Create | Villager (Male) |
| 9:04 | Create | Villager (Male) |
| 9:04 | Create | Villager (Male) |
| 9:05 | Create | Villager (Male) |
| 9:05 | Create | Villager (Male) |
| 9:12 | Create | Villager (Male) |
| 9:12 | Create | Villager (Male) |
| 9:12 | Create | Villager (Male) |
| 9:12 | Create | Villager (Male) |
| 9:13 | Create | Villager (Male) |
| 9:13 | Create | Villager (Male) |
| 9:13 | Create | Villager (Male) |
Build order — LuShiiiN
First 150 of 436 actions detected
| 0:05 | Build | House |
| 0:09 | Build | House |
| 0:11 | Create | Villager (Male) ×5 |
| 0:45 | Build | Stone Wall |
| 0:56 | Build | Town Center |
| 1:34 | Build | House |
| 1:34 | Build | House |
| 1:41 | Build | House |
| 1:42 | Build | House |
| 1:43 | Build | House |
| 1:44 | Build | House |
| 2:37 | Create | Villager (Male) ×5 |
| 2:37 | Create | Villager (Male) ×5 |
| 2:40 | Create | Villager (Male) ×5 |
| 2:59 | Build | Watch Tower |
| 3:10 | Build | Farm |
| 3:11 | Build | Farm |
| 3:11 | Build | Farm |
| 3:11 | Build | Farm |
| 3:12 | Build | Farm |
| 3:12 | Build | Farm |
| 3:12 | Build | Farm |
| 3:12 | Build | Farm |
| 3:13 | Build | Farm |
| 3:13 | Build | Farm |
| 3:13 | Build | Farm |
| 3:17 | Create | Villager (Male) ×5 |
| 3:30 | Build | Market |
| 3:31 | Build | Market |
| 3:32 | Build | Market |
| 3:36 | Build | Market |
| 3:55 | Build | House |
| 3:56 | Build | House |
| 3:58 | Build | House |
| 3:59 | Build | House |
| 4:00 | Build | House |
| 4:02 | Build | House |
| 4:03 | Build | House |
| 4:04 | Build | House |
| 4:05 | Build | House |
| 4:08 | Build | House |
| 4:09 | Build | House |
| 4:10 | Build | House |
| 4:43 | Create | Trade Cart ×5 |
| 4:43 | Create | Trade Cart ×5 |
| 4:44 | Create | Trade Cart ×5 |
| 5:09 | Create | Villager (Male) |
| 5:10 | Create | Villager (Male) |
| 5:39 | Build | Castle |
| 5:51 | Create | Trade Cart ×5 |
| 5:51 | Create | Trade Cart ×5 |
| 5:52 | Create | Trade Cart ×5 |
| 6:37 | Create | Trade Cart ×5 |
| 6:38 | Create | Trade Cart ×5 |
| 6:38 | Create | Trade Cart ×5 |
| 6:57 | Create | Villager (Male) |
| 6:58 | Create | Villager (Male) |
| 6:58 | Create | Villager (Male) |
| 6:58 | Create | Villager (Male) |
| 7:17 | Build | Monastery |
| 7:39 | Create | Trade Cart ×5 |
| 7:40 | Create | Trade Cart ×5 |
| 7:40 | Create | Trade Cart ×5 |
| 7:53 | Build | Farm |
| 8:04 | Create | Monk |
| 9:30 | Build | Archery Range |
| 9:32 | Build | Archery Range |
| 9:33 | Build | Archery Range |
| 9:36 | Build | Archery Range |
| 9:37 | Build | Archery Range |
| 9:38 | Build | Archery Range |
| 9:50 | Build | House |
| 9:51 | Build | House |
| 9:53 | Build | House |
| 9:54 | Build | House |
| 9:55 | Build | House |
| 9:56 | Build | House |
| 9:57 | Build | House |
| 9:58 | Build | House |
| 10:02 | Build | House |
| 10:03 | Build | House |
| 10:19 | Create | Villager (Male) |
| 10:19 | Create | Villager (Male) |
| 10:20 | Create | Villager (Male) |
| 11:23 | Build | Castle |
| 11:34 | Build | Castle |
| 12:14 | Build | Town Center |
| 12:37 | Build | Castle |
| 12:53 | Build | House |
| 12:54 | Build | House |
| 12:56 | Build | House |
| 12:57 | Build | House |
| 12:58 | Build | House |
| 12:59 | Build | House |
| 13:14 | Create | Villager (Male) |
| 13:14 | Create | Villager (Male) |
| 13:27 | Build | Mining Camp |
| 13:36 | Create | Cavalry Archer ×5 |
| 13:36 | Create | Cavalry Archer ×5 |
| 13:36 | Create | Cavalry Archer ×5 |
| 13:36 | Create | Cavalry Archer ×5 |
| 13:37 | Create | Cavalry Archer ×5 |
| 13:37 | Create | Cavalry Archer ×5 |
| 13:37 | Create | Cavalry Archer ×5 |
| 13:38 | Create | Cavalry Archer ×5 |
| 13:38 | Create | Cavalry Archer ×5 |
| 13:38 | Create | Cavalry Archer ×5 |
| 13:52 | Create | Mangudai ×5 |
| 13:52 | Create | Mangudai ×5 |
| 13:53 | Create | Mangudai ×5 |
| 13:53 | Create | Mangudai ×5 |
| 13:53 | Create | Mangudai ×5 |
| 13:54 | Create | Mangudai ×5 |
| 13:54 | Create | Mangudai ×5 |
| 13:54 | Create | Mangudai ×5 |
| 13:55 | Create | Mangudai ×5 |
| 14:19 | Build | Lumber Camp |
| 14:42 | Build | Castle |
| 15:05 | Create | Villager (Male) ×5 |
| 15:06 | Create | Villager (Male) ×5 |
| 15:06 | Create | Villager (Male) ×5 |
| 15:06 | Create | Villager (Male) ×5 |
| 15:25 | Build | House |
| 15:27 | Build | House |
| 15:29 | Build | House |
| 15:31 | Build | House |
| 15:34 | Build | House |
| 15:35 | Build | House |
| 15:52 | Create | Mangudai ×5 |
| 15:52 | Create | Mangudai ×5 |
| 15:53 | Create | Mangudai ×5 |
| 15:53 | Create | Mangudai ×5 |
| 15:53 | Create | Mangudai ×5 |
| 15:54 | Create | Mangudai ×5 |
| 15:54 | Create | Mangudai ×3 |
| 17:09 | Build | House |
| 17:10 | Build | House |
| 17:15 | Build | House |
| 18:16 | Build | Stable |
| 18:57 | Build | Stable |
| 19:00 | Build | Stable |
| 19:08 | Build | Stable |
| 19:10 | Build | Stable |
| 19:37 | Create | Steppe Lancer ×5 |
| 19:37 | Create | Steppe Lancer ×5 |
| 19:38 | Create | Steppe Lancer ×5 |
| 20:26 | Create | Steppe Lancer ×3 |
| 20:26 | Create | Steppe Lancer ×3 |
| 20:34 | Create | Steppe Lancer ×5 |
| 20:34 | Create | Steppe Lancer ×5 |
Match timeline
| 0:21 | Rhenderr6498 · first_building Castle |
| 0:45 | Poliya2985 · first_building Castle |
| 0:45 | LuShiiiN · wall_segment Stone Wall x7 |
| 0:54 | Rhenderr6498 · wall_segment Stone Wall x11 |
| 1:11 | MAVERICK70075 · wall_segment Stone Wall x10 |
| 1:16 | Rhenderr6498 · wall_segment Stone Wall x15 |
| 1:25 | Poliya2985 · wall_segment Stone Wall x30 |
| 2:04 | Poliya2985 · wall_segment Stone Wall x10 |
| 2:06 | Rhenderr6498 · wall_segment Stone Wall x16 |
| 2:08 | MAVERICK70075 · wall_segment Stone Wall x9 |
| 2:54 | Rhenderr6498 · wall_segment Stone Wall x16 |
| 3:52 | Poliya2985 · wall_segment Stone Wall x7 |
| 4:02 | Rhenderr6498 · wall_segment Stone Wall x1 |
| 4:13 | Rhenderr6498 · wall_segment Stone Wall x10 |
| 5:14 | Poliya2985 · first_building Siege Workshop |
| 5:34 | Rhenderr6498 · wall_segment Stone Wall x5 |
| 5:39 | LuShiiiN · first_building Castle |
| 6:11 | Rhenderr6498 · first_building Monastery |
| 6:24 | MAVERICK70075 · first_building Castle |
| 6:39 | Rhenderr6498 · wall_segment Stone Wall x14 |
| 6:50 | Rhenderr6498 · wall_segment Stone Wall x12 |
| 7:04 | Poliya2985 · first_building Stable |
| 7:17 | LuShiiiN · first_building Monastery |
| 7:49 | Rhenderr6498 · wall_segment Stone Wall x10 |
| 8:37 | MAVERICK70075 · first_building Siege Workshop |
| 8:49 | Rhenderr6498 · wall_segment Stone Wall x16 |
| 9:01 | Rhenderr6498 · wall_segment Stone Wall x12 |
| 9:30 | LuShiiiN · first_building Archery Range |
| 10:14 | Poliya2985 · first_building Archery Range |
| 11:28 | Rhenderr6498 · wall_segment Stone Wall x14 |
| 11:34 | MAVERICK70075 · first_building Barracks |
| 12:42 | Rhenderr6498 · wall_segment Stone Wall x14 |
| 16:06 | MAVERICK70075 · first_building Monastery |
| 17:01 | Rhenderr6498 · first_building Siege Workshop |
| 17:32 | Poliya2985 · wall_segment Stone Wall x11 |
| 18:16 | LuShiiiN · first_building Stable |
| 19:00 | Poliya2985 · wall_segment Stone Wall x20 |
| 19:16 | Poliya2985 · wall_segment Stone Wall x21 |
| 22:50 | Rhenderr6498 · wall_segment Stone Wall x12 |
| 23:03 | Poliya2985 · first_building Monastery |
| 25:30 | MAVERICK70075 · wall_segment Stone Wall x13 |
| 27:57 | Rhenderr6498 · wall_segment Stone Wall x11 |
| 29:34 | Rhenderr6498 · wall_segment Stone Wall x17 |
| 32:13 | Rhenderr6498 · wall_segment Stone Wall x10 |
| 32:46 | Rhenderr6498 · wall_segment Stone Wall x4 |
| 34:53 | Rhenderr6498 · wall_segment Stone Wall x6 |
| 35:24 | Rhenderr6498 · wall_segment Stone Wall x6 |
| 37:54 | Poliya2985 · wall_segment Stone Wall x6 |
| 40:36 | Rhenderr6498 · wall_segment Stone Wall x10 |
| 43:54 | Rhenderr6498 · first_market_buy 500 stone |
| 52:48 | Rhenderr6498 · first_building Stable |
| 56:15 | Rhenderr6498 · first_building Barracks |
| 57:25 | Poliya2985 · first_market_sell 100 stone |
| 59:00 | Poliya2985 · wall_segment Stone Wall x2 |
| 60:53 | Rhenderr6498 · wall_segment Stone Wall x16 |
| 66:46 | Rhenderr6498 · wall_segment Stone Wall x15 |
| 75:27 | LuShiiiN · first_market_buy 500 food |
| 80:34 | MAVERICK70075 · resign |
| 89:03 | Poliya2985 · first_market_buy 100 food |
[ AI ANALYSIS · 1 CREDIT ]
What really happened in this match?
Wolo.gg analyzes every decision: build order, eco, micro, common mistakes by bracket. Personalized analysis on WhatsApp or Discord in 30 seconds.
Civ guide
Maya
Perfil
Jugador #22465331